 Dungeon Crawl Stone Soup version 0.32-a0-38-gb04dd89b9b (webtiles) character file.

Game seed: 6030718627886056371

312 Skitler the Chopper (level 6, 0/56 HPs)
             Began as a Minotaur Berserker on Jan 24, 2024.
             Was a Priest of Trog.
             Slain by a rat (1 damage)
             ... in a sewer.
             The game lasted 00:04:56 (2582 turns).

Skitler the Chopper (Minotaur Berserker)            Turns: 2582, Time: 00:04:57

Health: 0/56       AC:  2    Str: 24    XL:     6   Next: 18%
Magic:  5/5        EV: 12    Int:  4    God:    Trog [***...]
Gold:   87         SH:  0    Dex:  9    Spells: 5/5 levels left

rFire   . . .        a - +0 hand axe
rCold   . . .        (no shield)
rNeg    . . .        b - +0 animal skin
rPois   .            (helmet currently unavailable)
rElec   .            (cloak currently unavailable)
rCorr   .            (gloves currently unavailable)
SInv    .            (boots currently unavailable)
Will    .....        (no amulet)
Stlth   +            (no ring)
HPRegen 0.29/turn    (no ring)
MPRegen 0.09/turn

%: no passive effects
@: beast-form, on berserk cooldown, slowed, very slow
A: beast (slay +0), horns 2, retaliatory headbutt
a: Begin Untransformation, Renounce Religion, Berserk, Trog's Hand


You were in a sewer.
You worshipped Trog.
Trog was most pleased with you.
You were a hulking beast.
You visited 1 branch of the dungeon, and saw 3 of its levels.
You also visited: Sewer.

You collected 87 gold pieces.

Inventory:

Hand Weapons
 a - a +0 hand axe (weapon)
 m - the +7 mace of Vitoanov {heavy, rElec rCorr}
   (You found it on level 2 of the Dungeon)

   rElec:     It insulates you from electricity.
   rCorr:     It protects you from acid and corrosion.
Armour
 b - a +0 animal skin (worn)
Talismans
 g - a beast talisman (active)
Scrolls
 d - a scroll of revelation
 f - a scroll of enchant weapon {unknown}
 l - 3 scrolls of identify {unknown}
 o - 2 scrolls of amnesia {unknown}
Potions
 c - a potion of resistance {unknown}
 e - a potion of curing {unknown}
 h - 3 potions of heal wounds {unknown}
 i - a potion of might {unknown}
 j - 2 potions of degeneration {unknown}
 k - a potion of magic {unknown}
 n - a potion of enlightenment {unknown}
 p - a potion of invisibility {unknown}
 q - a potion of haste {unknown}


   Skills:
 * Level 5.5 Fighting
 * Level 6.3 Axes
 + Level 2.9 Armour
 + Level 3.0 Dodging
 + Level 0.9 Shapeshifting


You had 5 spell levels left.
You didn't know any spells.
Your spell library was empty.

Dungeon Overview and Level Annotations

Branches:
Dungeon (3/15)              Sewer (1/1)

Altars:


Innate Abilities, Weirdness & Mutations

You are a hulking beast.
Your limbs bulge with bestial killing power. (Slay +0)
You have a pair of horns on your head.
You reflexively headbutt those who attack you in melee.


Message History

Trog accepts your kill. The adder bites you.
* * * LOW HITPOINT WARNING * * *
You are more poisoned.
The adder poisons you!
You slash the adder! You headbutt the adder.
You kill the adder!
Trog accepts your kill.
You feel sick.
A river rat comes into view.
You feel sick.
You feel a strong urge to attack something.
You feel sick.
The river rat squeaks loudly.
You barely miss the rat.
You feel sick.
A rat comes into view.
You closely miss the rat.
You feel sick. The rat closely misses you.
You barely miss the rat.
You feel sick.
You slash the rat!
You kill the rat!
Trog accepts your kill.
You slash the rat!
You kill the rat!
Trog accepts your kill.
You hit the river rat.
You feel sick.
You barely miss the river rat. You headbutt the river rat.
You kill the river rat!
Trog accepts your kill.
You feel sick.
A rat comes into view.
You are no longer berserk.
You are exhausted.
You feel yourself slow down.
You feel sick.
You feel sick.
The rat splashes around in the water.
You closely miss the rat. You closely miss the river rat.
You feel sick.
You are no longer poisoned.
The river rat bites you.
* * * LOW HITPOINT WARNING * * *
The rat bites you.
You die...

#.###..~~≈≈≈~
#..#...~≈≈≈≈~~.#
##.....~~≈≈≈~~.##
#.....~≈~≈≈~~..#
##....~~≈~≈~....
##.....~~≈≈~....
##.......~≈~~....
##........†~~~...S
#..#.....hr≈~~....
#.###....†r≈~~....
#∩###.....~≈≈~....
####.†...~~≈≈r..##
##.†...~≈~≈r.##
#.....~~≈≈≈~~#
##.....~~≈≈≈~~.#
#......~≈~≈≈≈~...
#......~~≈≈≈~~...


You could see a river rat and 3 rats.

Vanquished Creatures
  Natasha (thrice) (D:2)
  Terence (D:2)
  Robin (D:2)
  7 adders
  6 river rats
  A ribbon worm (D:2)
  2 dart slugs
  10 ball pythons
  4 bats
  7 endoplasms
  6 giant cockroaches
  12 goblins
  4 hobgoblins
  2 frilled lizards
  13 kobolds
  14 rats
93 creatures vanquished.

Notes
Turn   | Place    | Note
-------+----------+-------------------------------------------
     0 | D:1      | Skitler the Minotaur Berserker began the quest for the Orb.
     0 | D:1      | Reached XP level 1. HP: 19/19 MP: 0/0
   250 | D:1      | Reached skill level 4 in Axes
   250 | D:1      | Reached XP level 2. HP: 25/27 MP: 1/1
   657 | D:1      | Reached XP level 3. HP: 25/33 MP: 2/2
  1211 | D:2      | Reached ** piety under Trog
  1495 | D:2      | Noticed Natasha
  1505 | D:2      | Killed Natasha
  1506 | D:2      | Reached XP level 4. HP: 25/41 MP: 3/3
  1595 | D:2      | Noticed Robin
  1605 | D:2      | Killed Robin
  1606 | D:2      | Reached skill level 5 in Axes
  1640 | D:2      | Identified the +7 mace of Vitoanov {heavy, rElec rCorr}
  1721 | D:2      | Noticed Natasha
  1733 | D:2      | Killed Natasha
  1899 | D:2      | Noticed Terence
  1904 | D:2      | Killed Terence
  1905 | D:2      | Reached skill level 5 in Fighting
  1905 | D:2      | Reached XP level 5. HP: 31/48 MP: 4/4
  2054 | D:2      | Noticed Natasha
  2062 | D:2      | Killed Natasha
  2394 | D:3      | Found a glowing drain.
  2398 | Sewer    | Entered a sewer
  2445 | Sewer    | Reached skill level 6 in Axes
  2564 | Sewer    | Reached *** piety under Trog
  2567 | Sewer    | Reached XP level 6. HP: 29/56 MP: 5/5
  2582 | Sewer    | HP: 1/56 [river rat (4)]
  2582 | Sewer    | Slain by a rat

Illustrated notes

Levels and vault maps discovered:
D:1:      denvon_arrival_planthouse, layout_loops_corners, nicolae_titane
D:2:      layout_basic, uniq_terence, uniq_robin, uniq_natasha
D:3:      layout_rooms, gup_sewer_entry_spiral, uniq_jessica
Sewer:    sewer_minmay_treatment

Skill      XL: |  1  2  3  4  5  6 |
---------------+-------------------+-----
Axes           | 4 5 6 |  6.3
Fighting       | 4 5 |  5.5
Dodging        | 3 |  3.0
Armour         | |  2.9
Shapeshifting  | |  0.9

Action                     |  1- 3 |  4- 6 || total
---------------------------+-------+-------++-------
  Melee: Hand axe          |    65 |    93 ||   158
         Headbutt          |     7 |    14 ||    21
         Punch             |     1 |     1 ||     2
 Invoke: Berserk           |     1 |     3 ||     4
    Use: Scroll            |       |     2 ||     2
   Stab: Sleeping          |     2 |       ||     2
 Armour: Animal skin       |    33 |    72 ||   105
  Dodge: Dodged            |    43 |    73 ||   116
   Form: Beast             |     1 |       ||     1

Table legend: (Time is in decaauts)
 A = Elapsed time spent in this place.
 B = Non-inter-level travel time spent in this place.
 C = Inter-level travel time spent in this place.
 D = Time resting spent in this place.
 E = Time spent auto-exploring this place.
 F = Levels seen in this place.
 G = Mean time per level.
                   A        B        C        D        E       F      G
               +--------+--------+--------+--------+--------+-----+--------+
         Total |   2639 |   2570 |     69 |    314 |   1726 |   4 |  659.8 |
       Dungeon |   2459 |   2390 |     69 |    314 |   1604 |   3 |  819.7 |
         Sewer |    179 |    179 |      0 |      0 |    122 |   1 |  179.0 |
               +--------+--------+--------+--------+--------+-----+--------+

Top non-repeatable levels by time:
     D:2: 1195 daAuts
     D:1: 1144 daAuts
   Sewer: 179 daAuts
     D:3: 119 daAuts
